 Dungeon Crawl Stone Soup version 0.24.0-37-gcf1ca852f1 (webtiles) character file.

Game seed: 34832116788425278, levelgen mode: deterministic

13212 Heliosone the Fighter (level 12, -2/121 HPs)
             Began as a Barachi Transmuter on Dec 6, 2019.
             Was a High Priest of Cheibriados.
             Killed by nerve-wracking pain
             ... invoked by a shadow imp
              (11 damage)
             ... in a Gauntlet.
             The game lasted 00:32:54 (14741 turns).

Heliosone the Fighter (Barachi Transmuter)         Turns: 14741, Time: 00:32:55

Health: -2/121     AC:  7    Str: 29    XL:     12   Next: 3%
Magic:  17/19      EV: 20    Int: 27    God:    Cheibriados [*****.]
Gold:   465        SH:  0    Dex: 26    Spells: 10/20 levels left

rFire    x . .     SeeInvis .     - Unarmed
rCold    + + +     Gourm    .   (shield currently unavailable)
rNeg     . . .     Faith    .   (armour currently unavailable)
rPois    +         Spirit   .   (helmet currently unavailable)
rElec    .         Reflect  .   (cloak currently unavailable)
rCorr    .         Harm     .   (gloves currently unavailable)
MR       .....     NoTele   +   (boots currently unavailable)
Stlth    ++........             (no amulet)
HPRegen  0.30/turn              f - +3 ring of strength
MPRegen  0.16/turn              (no ring)

@: ice-form, very slow
A: large, +LOS, swims
a: End Transformation, Bend Time, Temporal Distortion, Slouch, Step From Time,
Renounce Religion


You were in a Gauntlet.
You worshipped Cheibriados.
Cheibriados was extremely pleased with you.
You were not hungry.
You were a creature of crystalline ice.
You visited 2 branches of the dungeon, and saw 13 of its levels.
You also visited: Gauntlet.

You collected 465 gold pieces.

Inventory:

Missiles
 a - 168 arrows
 k - 35 poisoned darts (quivered)
 B - 18 boomerangs
Armour
 b - a +0 robe
 p - a +0 pair of gloves
 w - a +2 robe of fire resistance
 C - a +1 helmet (melded)
 D - a +0 leather armour of magic resistance
 E - a +0 pair of boots (melded)
 I - the +2 leather armour of Liberty (melded) {rC+ rCorr Stlth+}
   (You found it on level 6 of the Dungeon)

   It protects you from cold.
   It provides partial protection from all sources of acid and corrosion.
   It makes you more stealthy.
 M - a +2 hat
Jewellery
 c - a +5 ring of strength
 f - a +3 ring of strength (left front paw)
 s - an uncursed amulet of the acrobat {unknown}
 y - an uncursed ring of resist corrosion {unknown}
 G - a +5 ring of dexterity
 H - an uncursed amulet of rage {unknown}
 Q - a cursed ring of teleportation {unknown}
 S - an uncursed ring of ice {unknown}
Wands
 x - a wand of clouds (6)
 L - a wand of iceblast (7)
 N - a wand of acid (18)
Scrolls
 e - 9 scrolls of remove curse {unknown}
 g - 7 scrolls of teleportation {unknown}
 i - 4 scrolls of magic mapping {unknown}
 l - a scroll of random uselessness {unknown}
 t - 2 scrolls of noise {unknown}
 v - 11 scrolls of identify {unknown}
 F - 2 scrolls of enchant weapon {unknown}
 K - a scroll of enchant armour {unknown}
 O - a scroll of amnesia {unknown}
 P - a scroll of blinking {unknown}
 R - a scroll of immolation {unknown}
Potions
 h - 3 potions of lignification {unknown}
 j - 4 potions of resistance {unknown}
 m - 2 potions of invisibility {unknown}
 n - a potion of magic {unknown}
 o - 3 potions of brilliance {unknown}
 q - 2 potions of haste
 r - 5 potions of curing {unknown}
 u - 3 potions of flight {unknown}
 z - 4 potions of mutation {unknown}
 A - a potion of agility {unknown}
 J - a potion of heal wounds {unknown}
 T - 2 potions of might {unknown}
Comestibles
 d - 18 rations


   Skills:
 + Level 11.7 Fighting
 + Level 11.0 Dodging
 + Level 11.2 Unarmed Combat
 - Level 4.7 Spellcasting
 - Level 6.1 Transmutations
 - Level 5.0 Ice Magic
 - Level 1.1 Poison Magic


You had 10 spell levels left.
You knew the following spells:

 Your Spells              Type           Power        Failure   Level  Hunger
a - Beastly Appendage     Tmut           #####.       1%          1    None
b - Sticks to Snakes      Tmut           #####...     1%          2    None
c - Spider Form           Tmut/Pois      ####......   4%          3    ##.....
d - Ice Form              Ice/Tmut       #####...     8%          4    ####...

Your spell library contained the following spells:

 Spells                   Type           Power        Failure   Level  Hunger
 Magic Dart               Conj           #...         8%          1    None
 Summon Small Mammal      Summ           #...         8%          1    None
 Blink                    Tloc           N/A          11%         2    None
 Call Imp                 Summ           #.......     11%         2    None
 Slow                     Hex            #.......     11%         2    None
 Blade Hands              Tmut           #####.....   16%         5    #####..
 Mephitic Cloud           Conj/Pois/Air  #.......     19%         3    ##.....
 Call Canine Familiar     Summ           #.......     22%         3    ##.....
 Conjure Flame            Conj/Fire      #.......     22%         3    ##.....
 Summon Guardian Golem    Hex/Summ       #.......     22%         3    ##.....
 Summon Ice Beast         Ice/Summ       ###.....     26%         4    ####...
 Summon Lightning Spire   Summ/Air       #.......     58%         4    ####...


Dungeon Overview and Level Annotations

Branches:
Dungeon (14/15)            Temple (1/1) D:7            Lair (0/6) D:11
Gauntlet (1/1)
    Orc: D:9-12      Vaults: D:13-14

Altars:
Cheibriados
Dithmenos
Fedhas
Gozag
Kikubaaqudgha
Nemelex Xobeh
Ru
Uskayaw
Xom
Yredelemnul
Zin
The Shining One

Shops:
D:9 *

Annotations:
D:8 exclusion: 2 two-headed ogres Gauntlet 11 transporters, 21 runed translucent doors


Innate Abilities, Weirdness & Mutations

Shadows flee at your approach. (+LOS)
You can swim through water.
((You cover ground slowly.))
((You can hop short distances.))


Message History

The shadow imp hits you but does no damage.
The shadow imp hits something.
The soul eater closely misses you.
You punch the soul eater! You freeze the soul eater.
The soul eater is almost dead.
The shadow imp barely misses you. The shadow imp closely misses you.
The shadow imp summons a swarm of flies.
The shadow imp hits something.
The soul eater draws from the surrounding life force!
* * * LOW HITPOINT WARNING * * *
The soul eater is healed.
Okay, then.
Evoke which item? (* to show all) (? for menu, Esc to quit)
Aiming: Corrosive Bolt
Press: ? - help, Shift-Dir - straight line, f - soul eater
Aim: a soul eater (severely wounded)
The bolt of acid hits the soul eater but does no damage.
The soul eater is severely wounded.
The shadow imp gestures at you. Pain shoots through your body!
You die...

...#.©.#....§§............≈....#.
###########...###########...#####
#xxX=©}!..#...##^?.©.#^##.8.#....
##.##.##.##...#..##.#[###...#D..#
#..#####.##...##.####..######..#P
#......#x##...#....###.##...#.#P.
#.#..##.###...#####.#####©.©##P©#
#.##©##.###...##55.#..#.#...#.#P.
#........##...##Y#P.##..#####..#P
###.##.##.#.∩.###35#.####...#...#
###.##.##.#...#..#.##..##.8.#h..^
###########...###########...#####
.....©.............©.............
...........≈∩≈...................
#################################
# #8# #8# #8# #8# #8# #8# #8# #8#
# ### ### ### ### ### ### ### ###


You could see a soul eater, a small abomination and 3 shadow imps.

Vanquished Creatures
  Gastronok (D:8)
  A two-headed ogre (D:11)
  Urug (D:11)
  Pikel (D:4)
  A cyclops (D:11)
  Joseph (D:10)
  A gargoyle (D:10)
  3 hippogriffs
  A wyvern (D:10)
  5 wraiths (D:10)
  4 hungry ghosts
  7 yaks
  Menkaure (D:5)
  A water moccasin (D:8)
  4 porcupines (D:11)
  4 black bears
  2 sky beasts (D:9)
  An ice beast (D:7)
  A slave (D:4)
  5 ogres
  2 phantoms
  5 centaurs
  2 big kobolds
  4 bullfrogs
  A wyvern zombie (D:11)
  3 scorpions
  6 killer bees (D:9)
  7 wights
  9 crimson imps
  3 howler monkeys
  2 bullfrog zombies (D:6)
  A quasit (D:7)
  2 centaur zombies
  4 jellies
  18 orc wizards
  11 orc priests
  A bullfrog skeleton (D:9)
  6 iguanas
  9 worker ants
  A killer bee zombie (D:8)
  A hound zombie (D:10)
  A hound skeleton (D:4)
  A worker ant zombie (D:6)
  5 adders
  3 gnolls
  5 shadow imps
  2 adder zombies
  An adder skeleton (D:8)
  6 worms
  2 dart slugs (D:3)
  4 leopard geckos
  35 orcs
  3 bat skeletons (D:2)
  4 bat zombies (D:2)
  6 giant cockroaches
  8 goblins
  4 hobgoblins
  11 jackals
  4 quokkas
  A ball python (D:4)
  4 bats
  7 frilled lizards
  18 kobolds
  9 rats
  A spectral orc (D:4)
289 creatures vanquished.

Vanquished Creatures (others)
  48 fungi
  17 plants
  A withered plant (Gauntlet)
66 creatures vanquished.

Grand Total: 355 creatures vanquished

Notes
Turn   | Place    | Note
-------+----------+-------------------------------------------
     0 | D:1      | Heliosone the Barachi Transmuter began the quest for the
                  | Orb.
     0 | D:1      | Reached XP level 1. HP: 15/15 MP: 3/3
   479 | D:1      | Reached XP level 2. HP: 19/21 MP: 3/5
   493 | D:1      | Learned a level 2 spell: Sticks to Snakes
  1152 | D:2      | Reached XP level 3. HP: 22/26 MP: 6/6
  1195 | D:2      | Learned a level 3 spell: Spider Form
  1543 | D:2      | Found an ancient bone altar of Kikubaaqudgha.
  1555 | D:2      | Reached skill level 1 in Poison Magic
  2256 | D:3      | Found a shimmering altar of Xom.
  2268 | D:3      | Reached XP level 4. HP: 33/33 MP: 3/7
  2283 | D:3      | Found a shimmering altar of Xom.
  2524 | D:3      | Found a shimmering altar of Xom.
  2526 | D:3      | Found a shimmering altar of Xom.
  2526 | D:3      | Found a shimmering altar of Xom.
  2532 | D:3      | Found a shimmering altar of Xom.
  2532 | D:3      | Found a shimmering altar of Xom.
  2582 | D:3      | Found a faded altar of an unknown god.
  3514 | D:3      | Reached XP level 5. HP: 39/39 MP: 8/8
  3597 | D:4      | Reached XP level 6. HP: 43/47 MP: 5/9
  4016 | D:4      | Noticed a slave
  4020 | D:4      | Noticed a slave
  4020 | D:4      | Noticed Pikel
  4027 | D:4      | Killed a slave
  4027 | D:4      | Noticed a slave
  4047 | D:4      | Killed Pikel
  4047 | D:4      | Reached skill level 5 in Fighting
  4047 | D:4      | Reached skill level 5 in Dodging
  4047 | D:4      | Reached XP level 7. HP: 52/56 MP: 6/10
  4047 | D:4      | Reached XP level 8. HP: 59/63 MP: 6/11
  4201 | D:4      | Found a basalt altar of Yredelemnul.
  4651 | D:5      | Entered Level 5 of the Dungeon
  4991 | D:5      | Noticed Menkaure
  4991 | D:5      | Noticed a yak
  4991 | D:5      | Noticed a yak
  5001 | D:5      | Noticed a yak
  5002 | D:5      | Noticed a yak
  5213 | D:5      | Killed Menkaure
  5391 | D:5      | Killed a yak
  5534 | D:5      | Killed a yak
  5534 | D:5      | Reached XP level 9. HP: 32/72 MP: 7/12
  6497 | D:5      | Learned a level 4 spell: Ice Form
  6615 | D:6      | Found a hide-covered altar of Uskayaw.
  6983 | D:6      | Got a polished leather armour
  6994 | D:6      | Identified the +2 leather armour of Liberty {rC+ rCorr
                  | Stlth+} (You found it on level 6 of the Dungeon)
  7054 | D:6      | Found a glowing golden altar of the Shining One.
  7295 | D:7      | Found a staircase to the Ecumenical Temple.
  7311 | Temple   | Entered the Ecumenical Temple
  7374 | Temple   | Became a worshipper of Cheibriados the Contemplative
  7879 | D:7      | Reached * piety under Cheibriados
  8168 | D:8      | Reached XP level 10. HP: 81/83 MP: 6/13
  8173 | D:8      | Reached skill level 1 in Ice Magic
  8448 | D:8      | Noticed a two-headed ogre
  8549 | D:8      | Noticed a two-headed ogre
  8772 | D:8      | Noticed Gastronok
  8802 | D:8      | Killed Gastronok
  9182 | D:8      | Reached skill level 5 in Ice Magic
  9436 | D:8      | Reached ** piety under Cheibriados
  9897 | D:8      | Found a blossoming altar of Fedhas.
 10096 | D:8      | Found a shadowy altar of Dithmenos.
 10645 | D:9      | Reached XP level 11. HP: 24/90 MP: 16/18
 11085 | D:9      | Reached *** piety under Cheibriados
 11124 | D:9      | Found a glowing golden altar of the Shining One.
 11200 | D:9      | Found Toinu's Changing Room.
 11228 | D:9      | Reached skill level 10 in Fighting
 11245 | D:9      | HP: 3/108 [killer bee (3)]
 11251 | D:9      | HP: 3/108 [poisoned by a killer bee]
 11256 | D:9      | HP: 3/90 [poisoned by a killer bee]
 11262 | D:9      | HP: 3/90 [poisoned by a killer bee]
 11833 | D:9      | Found a sacrificial altar of Ru.
 11974 | D:10     | Entered Level 10 of the Dungeon
 12102 | D:10     | Reached skill level 10 in Unarmed Combat
 12156 | D:10     | Noticed Joseph
 12169 | D:10     | Killed Joseph
 12533 | D:10     | Reached **** piety under Cheibriados
 12710 | D:10     | Reached skill level 10 in Dodging
 13255 | D:10     | You fall into a shaft and drop 1 floor!
 13358 | D:11     | Noticed a two-headed ogre
 13365 | D:11     | Killed a two-headed ogre
 13373 | D:11     | Noticed Urug
 13392 | D:11     | Killed Urug
 13393 | D:11     | Reached ***** piety under Cheibriados
 13441 | D:11     | Noticed a cyclops
 13447 | D:11     | Killed a cyclops
 13659 | D:11     | Found a staircase to the Lair.
 14108 | D:11     | Reached XP level 12. HP: 101/101 MP: 16/19
 14159 | D:11     | You fall into a shaft and drop 3 floors!
 14358 | D:14     | Found a gate leading to a gauntlet.
 14382 | Gauntlet | Entered a Gauntlet
 14382 | Gauntlet | Found a transporter.
 14382 | Gauntlet | Found a transporter.
 14382 | Gauntlet | Noticed a soul eater
 14395 | Gauntlet | Found a transporter.
 14397 | Gauntlet | Found a transporter.
 14399 | Gauntlet | Found a transporter.
 14399 | Gauntlet | Found a large runed translucent door.
 14400 | Gauntlet | Found a large runed translucent door.
 14401 | Gauntlet | Found a large runed translucent door.
 14401 | Gauntlet | Found a large runed translucent door.
 14401 | Gauntlet | Found a runed translucent door.
 14402 | Gauntlet | Found a large runed translucent door.
 14403 | Gauntlet | Found a large runed translucent door.
 14404 | Gauntlet | Found a large runed translucent door.
 14404 | Gauntlet | Found a large runed translucent door.
 14405 | Gauntlet | Found a runed translucent gate.
 14405 | Gauntlet | Found a runed translucent gate.
 14406 | Gauntlet | Noticed an entropy weaver
 14407 | Gauntlet | Found a transporter.
 14410 | Gauntlet | Found a transporter.
 14421 | Gauntlet | Found a transporter.
 14429 | Gauntlet | Found a transporter.
 14429 | Gauntlet | Noticed a death ooze
 14447 | Gauntlet | Found a transporter.
 14454 | Gauntlet | Found a transporter.
 14471 | Gauntlet | Found a transporter.
 14508 | Gauntlet | Noticed a thrashing horror
 14514 | Gauntlet | Found a large runed translucent door.
 14515 | Gauntlet | Found a large runed translucent door.
 14516 | Gauntlet | Found a large runed translucent door.
 14516 | Gauntlet | Found a large runed translucent door.
 14516 | Gauntlet | Found a runed translucent door.
 14517 | Gauntlet | Found a large runed translucent door.
 14518 | Gauntlet | Found a large runed translucent door.
 14519 | Gauntlet | Found a large runed translucent door.
 14519 | Gauntlet | Found a large runed translucent door.
 14520 | Gauntlet | Found a runed translucent gate.
 14521 | Gauntlet | Identified the cursed +1 mace of Fiunoex {flame, rC- Dex+6
                  | SInv}
 14741 | Gauntlet | Killed from afar by a shadow imp

Levels and vault maps discovered:
D:1:      dpeg_arrival_orchard, layout_loops_cross, chequers_decorated_corner,
          nrook_campfire, minmay_misc_feat_diagonals
D:2:      layout_loops_ring, kennysheep_vampire_church
D:3:      layout_rooms, nicolae_xom_altar_mimics, serial_glass, glass_columns_b,
          glass_columns_a, chequers_ecumenical_altar_island
D:4:      layout_gridville, yredelemnul_forgotten_temple_becter, uniq_pikel
D:5:      layout_basic, first_ration, uniq_menkaure
D:6:      layout_basic, eat_drink_and_be_merry_uskayaw, basic_altar,
          corexii_leaking_fountain
D:7:      layout_basic, minmay_temple_entry_statues_pillars
D:8:      layout_basic, grunt_dithmenos_shadows, fedhas_altar_2, uniq_gastronok
D:9:      layout_cave_pools, nicolae_tso_swordbearing_angel,
          nicolae_ru_awakened_eye, nicolae_transmutations_shop
D:10:     layout_basic, blue_anna_alchemist [blue_anna_fruit_fields,
          blue_anna_fruit_fields], grunt_ministairs_4,
          minmay_guarded_unrand_finisher, uniq_maurice, uniq_erica, uniq_joseph
D:11:     layout_basic, due_lair_maze_entry_diamond, gammafunk_ghost_split,
          uniq_urug, uniq_snorg
D:14:     layout_loops_ring, gauntlet_entry_generic, serial_bayou_lagoon_b,
          uniq_kirke
Temple:   minmay_temple_curvy_branch
Gauntlet: gammafunk_gauntlet_shortcut [gammafunk_gauntlet_arena_crates,
          minmay_gauntlet_arena_make_your_own_arena,
          gammafunk_gauntlet_arena_mazey, gammafunk_gauntlet_arena_arrow_garden,
          gammafunk_gauntlet_arena_chambers, nicolae_gauntlet_arena_blocks,
          nicolae_gauntlet_exit_dead_adventurers]

Skill      XL: |  1  2  3  4  5  6  7  8  9 10 11 12 |
---------------+-------------------------------------+-----
Transmutations | 3 4 6 |  6.1
Poison Magic   | 1 |  1.1
Fighting       | 2 3 5 7 9 11 | 11.7
Dodging        | 3 5 7 8 9 10 11 | 11.0
Unarmed Combat | 4 6 7 9 11 | 11.2
Ice Magic      | 5 |  5.0
Spellcasting   | 4 |  4.7

Action                   |  1- 3 |  4- 6 |  7- 9 | 10-12 || total
-------------------------+-------+-------+-------+-------++-------
Melee: Unarmed           |   156 |   157 |   235 |   351 ||   899
       Kick              |     8 |       |       |       ||     8
       Punch             |     2 |     3 |     2 |     4 ||    11
       Headbutt          |     1 |       |       |       ||     1
Throw: Dart              |       |     4 |     5 |    24 ||    33
 Cast: Beastly Appendage |    15 |     2 |       |       ||    17
       Spider Form       |     2 |    11 |    30 |    11 ||    54
       Ice Form          |       |       |       |    29 ||    29
       Sticks to Snakes  |       |       |       |     3 ||     3
 Abil: Hop               |       |       |       |     1 ||     1
Evoke: Wand              |       |       |       |     2 ||     2
 Stab: Sleeping          |     1 |       |       |     1 ||     2
       Distracted        |       |       |       |     1 ||     1
  Eat: Chunk             |     6 |     7 |    18 |    11 ||    42
       Ration            |       |       |       |     3 ||     3
Armor: Robe              |    45 |    11 |     7 |       ||    63
       Skin              |       |     4 |     4 |    56 ||    64
       Leather armour    |       |       |     4 |    10 ||    14
Dodge: Dodged            |   126 |   106 |   181 |   370 ||   783
